[Event "Betsys MČR v online bleskovém šachu 2021"]
[Site "Chess.com"]
[Date "2021.04.17"]
[Round "1"]
[White "fadamos"]
[Black "Cenisuh"]
[Result "1-0"]
[WhiteElo "2251"]
[BlackElo "1618"]
[TimeControl "180+1"]
[EndTime "9:02:04 PDT"]
[Termination "Uživatel fadamos zvítězil po vzdání soupeře"]

1. e4 c6 2. d4 d5 3. Nd2 dxe4 4. Nxe4 Nd7 5. Ng5 e6 6. Bd3 Ngf6 7. Qe2 Be7 8. N1f3 b6 9. Nxf7 Kxf7 10. Ng5+ Ke8 11.
Nxe6 1-0

[Event "Betsys MČR v online bleskovém šachu 2021"]
[Site "Chess.com"]
[Date "2021.04.17"]
[Round "1"]
[White "Michal5"]
[Black "BetsysBetting"]
[Result "0-1"]
[WhiteElo "1228"]
[BlackElo "2008"]
[TimeControl "180+1"]
[EndTime "9:02:13 PDT"]
[Termination "Uživatel BetsysBetting zvítězil po vzdání soupeře"]

1. e4 c5 2. Nf3 e6 3. d4 cxd4 4. Nxd4 a6 5. Nc3 Qc7 6. Be3 Bb4 7. Qd2 Nf6 8. f3 d5 9. exd5 Nxd5 10. Bc4 Qxc4 0-1

[Event "Betsys MČR v online bleskovém šachu 2021"]
[Site "Chess.com"]
[Date "2021.04.17"]
[Round "1"]
[White "LightningAttack_2000"]
[Black "tondapesek"]
[Result "1-0"]
[WhiteElo "1904"]
[BlackElo "995"]
[TimeControl "180+1"]
[EndTime "9:02:20 PDT"]
[Termination "Uživatel LightningAttack_2000 zvítězil po vzdání soupeře"]

1. e4 e5 2. Nf3 Nc6 3. Bb5 d6 4. d4 exd4 5. Nxd4 Bd7 6. Nxc6 bxc6 7. Bd3 Nf6 8. O-O Be7 9. f4 O-O 10. Nc3 Re8 11. Qf3 h6 12. e5 dxe5 13. fxe5 Nd5 14. Qxf7+ Kh8 15. Qg6 Nf6 16. exf6 1-0

[Event "Betsys MČR v online bleskovém šachu 2021"]
[Site "Chess.com"]
[Date "2021.04.17"]
[Round "1"]
[White "fera_v"]
[Black "Michaela1994"]
[Result "1-0"]
[WhiteElo "2245"]
[BlackElo "1617"]
[TimeControl "180+1"]
[EndTime "9:02:31 PDT"]
[Termination "Uživatel fera_v zvítězil po vzdání soupeře"]

1. e4 e6 2. d4 d5 3. e5 c5 4. Qg4 Nc6 5. Nf3 Qb6 6. Bd3 Nge7 7. O-O Ng6 8. Re1 Be7 9. h4 cxd4 10. h5 Qc7 11.
hxg6 hxg6 12. a3 Nxe5 13. Nxe5 Qxe5 14. Rxe5 1-0

[Event "Betsys MČR v online bleskovém šachu 2021"]
[Site "Chess.com"]
[Date "2021.04.17"]
[Round "1"]
[White "MichalTrhal"]
[Black "Hollow_Head"]
[Result "1-0"]
[WhiteElo "1925"]
[BlackElo "1045"]
[TimeControl "180+1"]
[EndTime "9:02:48 PDT"]
[Termination "Uživatel MichalTrhal zvítězil matem"]

1. e4 e5 2. Nf3 Nc6 3. Bb5 Nd4 4. Bc4 Nxf3+ 5. Qxf3 Nf6 6. Nc3 Be7 7. h3 O-O 8. d3 d6 9. Bd2 h6 10. g4 Bd7 11. g5 Nh7 12. gxh6 g6 13. Rg1 Ng5 14. Bxg5 Bxg5 15. Qg3 Bxh6 16. Qxg6+ Kh8 17. Qxh6# 1-0

[Event "Betsys MČR v online bleskovém šachu 2021"]
[Site "Chess.com"]
[Date "2021.04.17"]
[Round "1"]
[White "Tolja1"]
[Black "Richter_Rudolf"]
[Result "1-0"]
[WhiteElo "2032"]
[BlackElo "1309"]
[TimeControl "180+1"]
[EndTime "9:03:11 PDT"]
[Termination "Uživatel Tolja1 zvítězil po vzdání soupeře"]

1. Nf3 d5 2. c4 Nf6 3. cxd5 Nxd5 4. e4 Nf6 5. Nc3 Nc6 6. d4 Bg4 7. Be3 Bxf3 8. gxf3 e5 9. d5 Ne7 10. Bb5+ c6 11.
dxc6 b6 12. c7+ 1-0

[Event "Betsys MČR v online bleskovém šachu 2021"]
[Site "Chess.com"]
[Date "2021.04.17"]
[Round "1"]
[White "starypomalymuz"]
[Black "Herracek"]
[Result "0-1"]
[WhiteElo "1801"]
[BlackElo "2614"]
[TimeControl "180+1"]
[EndTime "9:03:13 PDT"]
[Termination "Uživatel Herracek zvítězil po vzdání soupeře"]

1. e4 c5 2. g3 Nc6 3. Bg2 g6 4. Ne2 Bg7 5. c3 d6 6. O-O Bg4 7. h3 Bd7 8. d4 Qc8 9. Kh2 h5 10. f4 Nh6 11. d5 Na5 12. Nd2 b5 13. b4 cxb4 14. Nb3 Nxb3 15. axb3 bxc3 16. Qc2 Qc5 17. Rf3 Ng4+ 18. hxg4 hxg4+ 0-1

[Event "Betsys MČR v online bleskovém šachu 2021"]
[Site "Chess.com"]
[Date "2021.04.17"]
[Round "1"]
[White "Daffac"]
[Black "Patrik_Kohm"]
[Result "1-0"]
[WhiteElo "2074"]
[BlackElo "1355"]
[TimeControl "180+1"]
[EndTime "9:03:26 PDT"]
[Termination "Uživatel Daffac zvítězil po vzdání soupeře"]

1. d4 d5 2. Nf3 Nf6 3. Bf4 Nc6 4.
e3 Bd7 5. c4 e6 6. Nc3 Bb4 7.
Bd3 Bxc3+ 8. bxc3 O-O 9. O-O Nh5 10. Bg5 Nf6 11. Rb1 h6 12. Bh4 Rb8 13. c5 b6 14.
cxb6 axb6 15. Bc2 Na5 16. Qd3 g6 17. Ne5 Kg7 18. Nxg6 Nc4 19. Nf4 1-0

[Event "Betsys MČR v online bleskovém šachu 2021"]
[Site "Chess.com"]
[Date "2021.04.17"]
[Round "1"]
[White "machonza"]
[Black "Hroch_Hippo"]
[Result "1-0"]
[WhiteElo "1943"]
[BlackElo "1079"]
[TimeControl "180+1"]
[EndTime "9:03:26 PDT"]
[Termination "Uživatel machonza zvítězil matem"]

1. e4 e5 2. Nf3 Nc6 3. Bb5 d6 4. c3 a6 5. Ba4 Bd7 6. O-O Nb8 7.
Bc2 Bc6 8. d4 exd4 9. cxd4 d5 10.
e5 Bb4 11. a3 Be7 12. Nc3 f6 13. Re1 fxe5 14. Nxe5 Nf6 15. Qf3 O-O 16. Qh3 Qd6 17.
Bg5 Bb5 18. Bxf6 Bxf6 19. Qxh7# 1-0

[Event "Betsys MČR v online bleskovém šachu 2021"]
[Site "Chess.com"]
[Date "2021.04.17"]
[Round "1"]
[White "JindrichT_JR_CZE"]
[Black "Listro33"]
[Result "0-1"]
[WhiteElo "914"]
[BlackElo "1889"]
[TimeControl "180+1"]
[EndTime "9:03:29 PDT"]
[Termination "Uživatel Listro33 zvítězil po vzdání soupeře"]

1. e4 c6 2. d4 d5 3. e5 Bf5 4.
Bd3 Bxd3 5. Qxd3 e6 6. Nf3 Ne7 7. b3 Qa5+ 8. Bd2 Qa6 9. Qxa6 Nxa6 10. O-O c5 11. dxc5 Nxc5 12. Bb4 Nc6 13. Bxc5 Bxc5 14. Nc3 O-O 15. Rad1 Rac8 16. Na4 Be7 17. Nd4 Nxd4 18. Rxd4 Rxc2 19. Ra1 Rfc8 20. Rdd1 b5 0-1

[Event "Betsys MČR v online bleskovém šachu 2021"]
[Site "Chess.com"]
[Date "2021.04.17"]
[Round "1"]
[White "misacz"]
[Black "Pokemonchess"]
[Result "0-1"]
[WhiteElo "1079"]
[BlackElo "1942"]
[TimeControl "180+1"]
[EndTime "9:03:31 PDT"]
[Termination "Uživatel Pokemonchess zvítězil po vzdání soupeře"]

1. d4 Nf6 2. c4 g6 3. Nf3 Bg7 4. Nc3 d5 5. e3 O-O 6. Bd2 c6 7. cxd5 cxd5 8. Bd3 Nc6 9. O-O Bg4 10. Qe2 e5 11. e4 Nxd4 12. Nxd5 Nxe2+ 13. Bxe2 Nxd5 14. exd5 Qxd5 15. h3 Bxf3 16. Bxf3 Qxd2 17. Rfd1 Qxb2 18.
Rdb1 Qa3 19. Rb3 Qxb3 20. axb3 e4 21. Bxe4 Bxa1 22. Bxb7 Rab8 23. Bf3 Rxb3 24. Bd5 Rb1+ 25. Kh2 Rd8 26. Bf3 a5 27. Be4 Re1 28. Bf3 a4 0-1

[Event "Betsys MČR v online bleskovém šachu 2021"]
[Site "Chess.com"]
[Date "2021.04.17"]
[Round "1"]
[White "tiger196223"]
[Black "Figo5144"]
[Result "1-0"]
[WhiteElo "1851"]
[BlackElo "569"]
[TimeControl "180+1"]
[EndTime "9:03:33 PDT"]
[Termination "Uživatel tiger196223 zvítězil matem"]

1. d4 d6 2. Nf3 Nc6 3. Bg5 Nf6 4.
Nbd2 h6 5. Bh4 Bd7 6. c3 e6 7. e3 Be7 8. Bd3 O-O 9. Qc2 g5 10. Bg3 g4 11. Ng1 a6 12. h3 b5 13. hxg4 Nxg4 14.
Be4 d5 15. Bf3 Nf6 16. Rxh6 Nb4 17. cxb4 Bxb4 18. Bh4 Ne4 19. Bxd8 Raxd8 20. Bxe4 dxe4 21. Qxe4 Be7 22. Qh7# 1-0

[Event "Betsys MČR v online bleskovém šachu 2021"]
[Site "Chess.com"]
[Date "2021.04.17"]
[Round "1"]
[White "Hanicka1517"]
[Black "Trener-Pokrocili"]
[Result "0-1"]
[WhiteElo "1609"]
[BlackElo "2242"]
[TimeControl "180+1"]
[EndTime "9:03:36 PDT"]
[Termination "Uživatel Trener-Pokrocili zvítězil matem"]

1. d4 Nf6 2. c4 c5 3. Nf3 cxd4 4. Nxd4 e5 5. Nb5 d5 6. cxd5 Bc5 7. e3 O-O 8. Be2 Re8 9. N5c3 e4 10. O-O Bf5 11.
a3 a6 12. b4 Ba7 13. Bb2 Nbd7 14. Na4 Rc8 15. Nbc3 Ne5 16. Rc1 Qd6 17. Qb3 Bb8 18.
b5 Nf3+ 19. Bxf3 Qxh2# 0-1

[Event "Betsys MČR v online bleskovém šachu 2021"]
[Site "Chess.com"]
[Date "2021.04.17"]
[Round "1"]
[White "DenryS"]
[Black "handlovskyjachym"]
[Result "1-0"]
[WhiteElo "2096"]
[BlackElo "1406"]
[TimeControl "180+1"]
[EndTime "9:03:38 PDT"]
[Termination "Uživatel DenryS zvítězil matem"]

1. d4 d5 2. Nf3 Nf6 3. Bf4 Nbd7 4. e3 e6 5. Bd3 Be7 6. Nbd2 O-O 7. Ne5 b6 8. Qf3 Bb7 9. Qh3 g6 10. Ndf3 Nh5 11. Bh6 Nxe5 12. Nxe5 Re8 13. Qf3 f5 14. g4 Nf6 15. gxf5 exf5 16. Rg1 Ne4 17. Qxf5 Bc8 18. Rxg6+ hxg6 19. Qxg6+ Kh8 20. Qg7# 1-0

[Event "Betsys MČR v online bleskovém šachu 2021"]
[Site "Chess.com"]
[Date "2021.04.17"]
[Round "1"]
[White "JonasFadrny"]
[Black "sachmaty8"]
[Result "0-1"]
[WhiteElo "757"]
[BlackElo "1860"]
[TimeControl "180+1"]
[EndTime "9:03:44 PDT"]
[Termination "Uživatel sachmaty8 zvítězil matem"]

1. e4 e6 2. Nf3 d5 3. e5 c5 4. Nc3 Nc6 5. Bb5 Bd7 6. Bxc6 Bxc6 7.
O-O Qb6 8. b3 Be7 9. Bb2 d4 10.
Ne2 h5 11. Nf4 Nh6 12. Nxh5 Nf5 13. c4 Rxh5 14. Rc1 O-O-O 15. Qe1 Rdh8 16. h3 Bxf3 17. gxf3 Rxh3 18. d3 Rh1+ 19. Kg2 R8h2# 0-1

[Event "Betsys MČR v online bleskovém šachu 2021"]
[Site "Chess.com"]
[Date "2021.04.17"]
[Round "1"]
[White "Drak1961"]
[Black "DominikS3"]
[Result "1-0"]
[WhiteElo "2052"]
[BlackElo "1314"]
[TimeControl "180+1"]
[EndTime "9:03:49 PDT"]
[Termination "Uživatel Drak1961 zvítězil po vzdání soupeře"]

1. d4 d5 2. Nf3 e6 3. g3 Nf6 4.
Bg2 b6 5. O-O Be7 6. c4 O-O 7.
Ne5 Bb7 8. Nc3 c5 9. e3 Na6 10.
Qa4 Rc8 11. Bd2 cxd4 12. exd4 Rc7 13. Rfd1 dxc4 14. Bxb7 Rxb7 15. Qxa6 Qc7 16. Bf4 Bd6 17. Nb5 Qc6 18. Nxc6 1-0

[Event "Betsys MČR v online bleskovém šachu 2021"]
[Site "Chess.com"]
[Date "2021.04.17"]
[Round "1"]
[White "bumurubac"]
[Black "TCTCGTGCTATG"]
[Result "0-1"]
[WhiteElo "1016"]
[BlackElo "1911"]
[TimeControl "180+1"]
[EndTime "9:03:52 PDT"]
[Termination "Uživatel TCTCGTGCTATG zvítězil matem"]

1. e4 e5 2. Bc4 Nf6 3. Nf3 Nc6 4. Ng5 d5 5. exd5 Na5 6. Bb3 h6 7. Ne4 Nxe4 8. Qe2 Nf6 9. d3 Nxb3 10. cxb3 Bd6 11. O-O O-O 12. Re1 Nxd5 13. Nc3 Nf4 14. Qe3 Be6 15. g3 Nd5 16. Nxd5 Bxd5 17. Bd2 Bc6 18. a4 Qf6 19. Rac1 Rfe8 20. Bc3 Qe6 21. f4 Qh3 22. Re2 exf4 23. gxf4 Rxe3 24. Rxe3 Qg2# 0-1

[Event "Betsys MČR v online bleskovém šachu 2021"]
[Site "Chess.com"]
[Date "2021.04.17"]
[Round "1"]
[White "kol340"]
[Black "WhiteLittleHorse"]
[Result "0-1"]
[WhiteElo "1820"]
[BlackElo "961"]
[TimeControl "180+1"]
[EndTime "9:03:59 PDT"]
[Termination "Uživatel WhiteLittleHorse zvítězil matem"]

1. d4 d5 2. Nf3 Nc6 3. Bf4 Nf6 4. e3 a6 5. c4 dxc4 6. Bxc4 e6 7. Nc3 Bb4 8. a3 b5 9. Bd3 a5 10. axb4 axb4 11.
Rxa8 bxc3 12. bxc3 Qe7 13. Bxb5 O-O 14. Bxc6 h6 15.
O-O Ne8 16. Bxe8 Rxe8 17. c4 Bb7 18. Rxe8+ Qxe8 19. c5 Bxf3 20. Qxf3 c6 21. Ra1 Qd7 22.
Rb1 Qc8 23. Rb8 Qxb8 24. Bxb8 Kh7 25. Qxc6 e5 26. Qd7 f6 27. c6 exd4 28. c7 dxe3 29.
c8=Q e2 30. Qcc7 e1=Q# 0-1

[Event "Betsys MČR v online bleskovém šachu 2021"]
[Site "Chess.com"]
[Date "2021.04.17"]
[Round "1"]
[White "Newyork6"]
[Black "Jeff_CZE"]
[Result "0-1"]
[WhiteElo "333"]
[BlackElo "1842"]
[TimeControl "180+1"]
[EndTime "9:04:13 PDT"]
[Termination "Uživatel Jeff_CZE zvítězil matem"]

1. f4 e5 2. fxe5 d6 3. Nf3 dxe5 4. g3 Bd6 5. Bg2 Nc6 6. Bf1 h5 7. Bg2 h4 8. O-O hxg3 9. e3 e4 10. d3 exf3 11. hxg3 f2+ 12. Kxf2 Bxg3+ 13. Kxg3 Qh4+ 14.
Kf3 Bg4+ 15. Kf4 Bxd1+ 16. Kf5 Qg4# 0-1

[Event "Betsys MČR v online bleskovém šachu 2021"]
[Site "Chess.com"]
[Date "2021.04.17"]
[Round "1"]
[White "TrickyPeat"]
[Black "Staci_fiknout_Navara_Plat"]
[Result "1-0"]
[WhiteElo "2213"]
[BlackElo "1581"]
[TimeControl "180+1"]
[EndTime "9:04:17 PDT"]
[Termination "Uživatel TrickyPeat zvítězil matem"]

1. e4 d5 2. exd5 Nf6 3. d4 Nxd5 4. c4 Nf6 5. Nf3 c6 6. h3 Bf5 7. Nc3 Nbd7 8. Bd3 Nb6 9. Bxf5 e6 10. Bd3 Be7 11.
O-O O-O 12. a4 Qc7 13. a5 Nbd7 14. Qe2 Rad8 15. Bg5 Nb8 16. Rfd1 Na6 17. Bxf6 Bxf6 18. Bb1 Rfe8 19. Ne4 Be7 20. Neg5 h6 21. Qe4 g6 22. Nxf7 Kxf7 23. Qxg6+ Kf8 24. Qxh6+ Kg8 25. Bh7+ Kf7 26. Ne5+ Qxe5 27. Qg6+ Kf8 28. Qg8# 1-0

[Event "Betsys MČR v online bleskovém šachu 2021"]
[Site "Chess.com"]
[Date "2021.04.17"]
[Round "1"]
[White "vaclavbelaska"]
[Black "Simago"]
[Result "0-1"]
[WhiteElo "1406"]
[BlackElo "2095"]
[TimeControl "180+1"]
[EndTime "9:04:28 PDT"]
[Termination "Uživatel Simago zvítězil po vzdání soupeře"]

1. e4 c5 2. Nf3 g6 3. d4 cxd4 4.
Nxd4 Bg7 5. Nc3 Nc6 6. Be3 Nf6 7. Bd3 O-O 8. O-O d6 9. f3 Ne5 10. Qd2 Nxd3 11. Qxd3 Bd7 12. Qd2 Rc8 13. Bh6 Qb6 14. Be3 Qxb2 15. Nd5 Nxd5 16. exd5 Qc3 17. Qxc3 Rxc3 18.
Rfe1 Rxe3 19. Rxe3 Bxd4 20. Kf2 Bxa1 0-1

[Event "Betsys MČR v online bleskovém šachu 2021"]
[Site "Chess.com"]
[Date "2021.04.17"]
[Round "1"]
[White "horalek"]
[Black "Evca64"]
[Result "0-1"]
[WhiteElo "1348"]
[BlackElo "2073"]
[TimeControl "180+1"]
[EndTime "9:04:34 PDT"]
[Termination "Uživatel Evca64 zvítězil po vzdání soupeře"]

1. e4 c6 2. Nf3 d5 3. exd5 cxd5 4. d4 Nc6 5. c3 Bg4 6. Bd3 e6 7. O-O Bd6 8. Bg5 Bxf3 9. Qxf3 Qxg5 10. Nd2 Qxd2 11.
Rad1 Qf4 12. Qh3 Nf6 13. g3 Qg4 14. Qg2 O-O 15. f3 Qh5 16. g4 Qh4 17. b4 Rac8 18. Rc1 Ne7 19. Be2 Ng6 20. h3 Nf4 21. Qf2 Nxh3+ 0-1

[Event "Betsys MČR v online bleskovém šachu 2021"]
[Site "Chess.com"]
[Date "2021.04.17"]
[Round "1"]
[White "vikysachy"]
[Black "Dan1612"]
[Result "0-1"]
[WhiteElo "852"]
[BlackElo "1878"]
[TimeControl "180+1"]
[EndTime "9:04:48 PDT"]
[Termination "Uživatel Dan1612 zvítězil – soupeř opustil hru"]

1. e4 c5 2. Nf3 Nc6 3. Nc3 e5 4. Bc4 d6 5. d3 Be7 6. h3 Nf6 7. Qe2 Be6 8. Be3 Bxc4 9. dxc4 Nd4 10. Qd3 Qb6 11. O-O Nxf3+ 12. Kh1 Nd4 13. Bxd4 cxd4 14.
Ne2 Qc6 15. Qg3 h6 16. Qxg7 O-O-O 17. Qxf7 Rde8 18. Qe6+ Kb8 19. Nc1 Nxe4 20. Nb3 Rhg8 0-1

[Event "Betsys MČR v online bleskovém šachu 2021"]
[Site "Chess.com"]
[Date "2021.04.17"]
[Round "1"]
[White "zarathutra"]
[Black "FormerProdigy"]
[Result "0-1"]
[WhiteElo "1823"]
[BlackElo "2856"]
[TimeControl "180+1"]
[EndTime "9:04:55 PDT"]
[Termination "Uživatel FormerProdigy zvítězil po vzdání soupeře"]

1. d4 Nf6 2. c4 e6 3. Nf3 b6 4. g3 Ba6 5. b3 Bb4+ 6. Bd2 Be7 7. Bg2 O-O 8. O-O d5 9. Ne5 Bb7 10. Qc2 c5 11. dxc5 bxc5 12. cxd5 exd5 13. Be3 Qc7 14. Bf4 g5 15. Ng6 gxf4 16. Nxf8 Bxf8 17. gxf4 Qxf4 18. Kh1 Ng4 0-1

[Event "Betsys MČR v online bleskovém šachu 2021"]
[Site "Chess.com"]
[Date "2021.04.17"]
[Round "1"]
[White "ritchi12"]
[Black "matej-c"]
[Result "0-1"]
[WhiteElo "1193"]
[BlackElo "1987"]
[TimeControl "180+1"]
[EndTime "9:04:55 PDT"]
[Termination "Uživatel matej-c zvítězil matem"]

1. e4 e5 2. Nf3 Nf6 3. Nc3 Nc6 4. d4 exd4 5. Nxd4 Bb4 6. Nxc6 bxc6 7. Bd2 O-O 8. Bd3 Re8 9. Qe2 Qe7 10. O-O-O d5 11.
f3 dxe4 12. fxe4 Bg4 13. Qe3 Bxd1 14. Rxd1 Nd7 15. Re1 Ne5 16. Na4 Bxd2+ 17. Qxd2 Rad8 18. Qa5 Qg5+ 19. Kb1 Qxg2 20. Qxa7 Qd2 21. Nc5 Qxe1# 0-1

[Event "Betsys MČR v online bleskovém šachu 2021"]
[Site "Chess.com"]
[Date "2021.04.17"]
[Round "1"]
[White "fm_magua"]
[Black "8_olda_8"]
[Result "1-0"]
[WhiteElo "2509"]
[BlackElo "1782"]
[TimeControl "180+1"]
[EndTime "9:04:56 PDT"]
[Termination "Uživatel fm_magua zvítězil matem"]

1. e4 e6 2. d3 d5 3. Nd2 c5 4. g3 Nf6 5. Bg2 Nc6 6. Ngf3 Qc7 7. O-O Be7 8. Re1 O-O 9. e5 Nd7 10. Qe2 b5 11. Nf1 Bb7 12. Bf4 a5 13. h4 Ba6 14. Ne3 Qb6 15. Ng4 c4 16. Bg5 Bxg5 17. hxg5 Nd4 18. Nxd4 Qxd4 19. Rad1 Rac8 20. c3 Qc5 21. d4 Qe7 22. Qe3 b4 23. Nf6+ Kh8 24. Qf4 Rg8 25. Nxg8 Rxg8 26. Bf3 a4 27. Kg2 a3 28.
Rh1 axb2 29. Rxh7+ Kxh7 30. Qh4+ Kg6 31. Bh5+ Kf5 32.
Qg4# 1-0

[Event "Betsys MČR v online bleskovém šachu 2021"]
[Site "Chess.com"]
[Date "2021.04.17"]
[Round "1"]
[White "jsebesta"]
[Black "petrgnojek"]
[Result "0-1"]
[WhiteElo "1617"]
[BlackElo "2258"]
[TimeControl "180+1"]
[EndTime "9:04:56 PDT"]
[Termination "Uživatel petrgnojek zvítězil po vzdání soupeře"]

1. e4 c5 2. c3 d5 3. exd5 Qxd5 4. d4 Nf6 5. Nf3 Nc6 6. Nbd2 cxd4 7. Bc4 Qa5 8. cxd4 Bg4 9. d5 Nxd5 10. Bxd5 Qxd5 11.
O-O e6 12. Qa4 h5 13. h3 Bf5 14. b4 Bxb4 15. Nb3 O-O 16. Bb2 a5 17. Nbd4 Nxd4 18. Bxd4 Be4 19. Qd1 Bxf3 20. gxf3 Rfd8 0-1

[Event "Betsys MČR v online bleskovém šachu 2021"]
[Site "Chess.com"]
[Date "2021.04.17"]
[Round "1"]
[White "VojtechPlat"]
[Black "Dejfos"]
[Result "1-0"]
[WhiteElo "2865"]
[BlackElo "1825"]
[TimeControl "180+1"]
[EndTime "9:05:04 PDT"]
[Termination "Uživatel VojtechPlat zvítězil po vzdání soupeře"]

1. e4 c6 2. Nf3 d5 3. d3 e6 4.
Nbd2 Bd6 5. g3 Nd7 6. Bg2 Ngf6 7.
O-O O-O 8. Qe2 b6 9. e5 Nxe5 10.
Nxe5 Qc7 11. d4 c5 12. c3 a5 13. Re1 Ba6 14. Qd1 cxd4 15. cxd4 Rac8 16. Nf1 Bb4 17. Bd2 Ne8 18. Bxb4 axb4 19. Rc1 Qb7 20. Rxc8 Qxc8 21.
Qd2 Qa8 22. Nd7 Bxf1 23. Bxf1 Qxa2 24. Qxb4 1-0

[Event "Betsys MČR v online bleskovém šachu 2021"]
[Site "Chess.com"]
[Date "2021.04.17"]
[Round "1"]
[White "Rognort"]
[Black "HonzaRubes95"]
[Result "0-1"]
[WhiteElo "1787"]
[BlackElo "2513"]
[TimeControl "180+1"]
[EndTime "9:05:04 PDT"]
[Termination "Uživatel HonzaRubes95 zvítězil po vzdání soupeře"]

1. e4 c5 2. Nf3 Nc6 3. d4 cxd4 4.
Nxd4 g6 5. c4 Bg7 6. Be3 Nf6 7.
Nc3 d6 8. Be2 Bd7 9. O-O Nxd4 10. Bxd4 Bc6 11. f3 a5 12. Na4 O-O 13. Rb1 Nd7 14.
Bxg7 Kxg7 15. Nc3 Qb6+ 16. Kh1 Rfc8 17. Nd5 Bxd5 18. cxd5 Rc7 19. f4 Rac8 20. Bd3 Qe3 21. f5 Ne5 22. Rf3 Nxf3 23. gxf3 Rc1 0-1

[Event "Betsys MČR v online bleskovém šachu 2021"]
[Site "Chess.com"]
[Date "2021.04.17"]
[Round "1"]
[White "MrNikdo"]
[Black "Ondre2836"]
[Result "1-0"]
[WhiteElo "2026"]
[BlackElo "1302"]
[TimeControl "180+1"]
[EndTime "9:05:13 PDT"]
[Termination "Uživatel MrNikdo zvítězil matem"]

1. e4 d5 2. exd5 Qxd5 3. Nc3 Qa5 4. Bc4 Nf6 5. Qf3 Nc6 6. Bb5 Bd7 7. Nge2 a6 8. Ba4 b5 9. Bb3 e6 10. O-O Bc5 11.
d4 Bb6 12. Bg5 Rg8 13. Bxf6 gxf6 14. Qxf6 Qb4 15. d5 exd5 16. Nxd5 Qc5 17. Nxb6 cxb6 18. Bxf7+ Kf8 19. Be6+ Ke8 20. Qf7+ Kd8 21. Qxd7# 1-0

[Event "Betsys MČR v online bleskovém šachu 2021"]
[Site "Chess.com"]
[Date "2021.04.17"]
[Round "1"]
[White "tudlenudle"]
[Black "AlenaSouralova"]
[Result "1-0"]
[WhiteElo "1888"]
[BlackElo "913"]
[TimeControl "180+1"]
[EndTime "9:05:23 PDT"]
[Termination "Uživatel tudlenudle zvítězil matem"]

1. e4 e5 2. Nf3 Nc6 3. d4 exd4 4. Nxd4 Nxd4 5. Qxd4 Nf6 6. Nc3 d5 7. Bg5 Bd6 8. e5 Bxe5 9. Qxe5+ Be6 10. O-O-O Qe7 11.
Nxd5 Bxd5 12. Qxe7+ Kxe7 13. Rxd5 h6 14. Bxf6+ gxf6 15.
Bc4 Rad8 16. Re1+ Kf8 17. Rxd8+ Kg7 18. Rxh8 Kxh8 19. Bxf7 Kg7 20. Re7 b5 21. Rxc7 a5 22.
Ra7 a4 23. Be8+ Kf8 24. Bxb5 h5 25. Bxa4 f5 26. b4 f4 27. b5 h4 28. b6 f3 29. gxf3 h3 30. Rd7 Ke8 31. b7 Kf8 32. b8=Q# 1-0

[Event "Betsys MČR v online bleskovém šachu 2021"]
[Site "Chess.com"]
[Date "2021.04.17"]
[Round "1"]
[White "koky_3"]
[Black "tryskomys"]
[Result "0-1"]
[WhiteElo "2047"]
[BlackElo "1425"]
[TimeControl "180+1"]
[EndTime "9:05:28 PDT"]
[Termination "Uživatel tryskomys zvítězil po vzdání soupeře"]

1. e4 e5 2. f4 d5 3. exd5 c6 4. d4 exd4 5. Nf3 Nf6 6. dxc6 Nxc6 7. Bc4 Bc5 8. O-O O-O 9. Kh1 Ng4 10. h3 Ne3 11.
Bxe3 dxe3 12. Qe2 Qe7 13. Nc3 Nd4 14. Nxd4 Bxd4 15. Nd5 Qc5 16. c3 Bf6 17. Nxf6+ gxf6 18. Bb3 Re8 19. Rae1 Bd7 20. Qh5 Qxh5 21. Rf3 e2 22.
Bc2 Kf8 23. Rd3 Bc6 24. Kh2 Rad8 25. Rg3 Rd1 26. Bxd1 exd1=Q 0-1

[Event "Betsys MČR v online bleskovém šachu 2021"]
[Site "Chess.com"]
[Date "2021.04.17"]
[Round "1"]
[White "Lipican"]
[Black "MatyldaCZ"]
[Result "1/2-1/2"]
[WhiteElo "2082"]
[BlackElo "1408"]
[TimeControl "180+1"]
[EndTime "9:05:35 PDT"]
[Termination "Remíza dohodou"]

1. d4 Nf6 2. Nf3 d6 3. g3 Nc6 4.
Bg2 Bg4 5. h3 Bf5 6. O-O e6 7.
c4 Be7 8. Nc3 O-O 9. Nh4 Bg6 10.
Nxg6 fxg6 11. e4 Qd7 12. Be3 Rad8 13. f4 e5 14. fxe5 dxe5 15. d5 Na5 16. b3 b6 17. Kh2 Nb7 18. Qd2 Qd6 19. Na4 a6 20. Rac1 Nd7 21. h4 Rxf1 22. Rxf1 Rf8 23. Rxf8+ Bxf8 24. Bh3 Ndc5 25. Nc3 Qe7 26. b4 Nd7 27. a3 Nf6 28.
Be6+ Kh8 29. Qf2 Nd6 30. c5 Ndxe4 31. Nxe4 Nxe4 32. Qf3 Nf6 33. c6 Qd6 34. Bg5 Be7 1/2-1/2

[Event "Betsys MČR v online bleskovém šachu 2021"]
[Site "Chess.com"]
[Date "2021.04.17"]
[Round "1"]
[White "trosecnik"]
[Black "Lunaticx"]
[Result "0-1"]
[WhiteElo "1842"]
[BlackElo "3005"]
[TimeControl "180+1"]
[EndTime "9:05:36 PDT"]
[Termination "Uživatel Lunaticx zvítězil po vzdání soupeře"]

1. e4 c5 2. c3 Nf6 3. e5 Nd5 4.
d4 cxd4 5. cxd4 d6 6. Nf3 Nc6 7. Bc4 e6 8. O-O Be7 9. Qe2 O-O 10. Rd1 Bd7 11. Qe4 Ncb4 12. a3 Rc8 13. Bb3 Nc6 14. Bc2 g6 15. Bh6 Re8 16. Nc3 Na5 17.
Nxd5 exd5 18. Qd3 Bf5 19. Qe3 Rxc2 20. Rd2 Nc4 0-1

[Event "Betsys MČR v online bleskovém šachu 2021"]
[Site "Chess.com"]
[Date "2021.04.17"]
[Round "1"]
[White "jsulc"]
[Black "Marcus_Aurelius_CZ"]
[Result "1-0"]
[WhiteElo "2077"]
[BlackElo "1365"]
[TimeControl "180+1"]
[EndTime "9:05:36 PDT"]
[Termination "Uživatel jsulc zvítězil matem"]

1. d4 e5 2. dxe5 Nc6 3. Nf3 Qe7 4. Bg5 Qb4+ 5. Nc3 h6 6. a3 Qxb2 7. Bd2 d6 8. Rb1 Qxa3 9. Nb5 Qc5 10. Nxc7+ Kd7 11. Nxa8 Nge7 12. exd6 Ng6 13. e4 Bxd6 14. Be3 Qa5+ 15. Qd2 Qa2 16. Rd1 Rd8 17. Qxd6+ Ke8 18.
Nc7# 1-0

[Event "Betsys MČR v online bleskovém šachu 2021"]
[Site "Chess.com"]
[Date "2021.04.17"]
[Round "1"]
[White "Clockwork7orange"]
[Black "CzechMerlin"]
[Result "1-0"]
[WhiteElo "2312"]
[BlackElo "1667"]
[TimeControl "180+1"]
[EndTime "9:05:37 PDT"]
[Termination "Uživatel Clockwork7orange zvítězil po vzdání soupeře"]

1. Nc3 e5 2. e4 Nc6 3. Nf3 Bb4 4.
Nd5 Ba5 5. Bc4 Nf6 6. Qe2 O-O 7. O-O d6 8. h3 Be6 9. Nxf6+ Qxf6 10. Bxe6 fxe6 11.
d3 Rad8 12. Be3 d5 13. c3 d4 14. Bg5 Qg6 15. Bxd8 Rxd8 16. c4 Ne7 17. a3 c5 18.
Nxe5 Qg5 19. f4 Qh4 20. Qg4 Qf6 21. Qg5 Qxg5 22. fxg5 Bd2 23. Nf3 Be3+ 24. Kh1 a6 25.
b4 b6 26. bxc5 bxc5 27. Rab1 Nc6 28. Rb6 1-0